[Event "10th Norway Chess Blitz 2022"]
[Site "Stavanger"]
[Date "2022.05.30"]
[Round "3.1"]
[White "Giri, Anish"]
[Black "Carlsen, Magnus"]
[Result "1/2-1/2"]
[ECO "E94"]
[WhiteElo "2761"]
[BlackElo "2864"]
[Annotator "TA"]
[PlyCount "69"]
[EventDate "2022.05.30"]
[EventType "tourn"]
[EventCountry "NOR"]
[SourceTitle "playchess.com"]
[Source "ChessBase"]
[SourceQuality "1"]
[TimeControl "180+2"]

1. Nf3 Nf6 2. c4 g6 3. Nc3 Bg7 4. e4 d6 5. d4 O-O 6. Be2 Nbd7 7. O-O e5 8. Be3 Qe7 9. Qc2 c6 10. Rad1 $1 {[%emt 0:00:11] 10.Rad1 scores better than 10.d5.} exd4 {[%emt 0:00:20] E94: King's Indian: Classical: 6 Be2 e5 7 0-0: Various Black 7th moves.} 11. Nxd4 ({Don't play} 11. Bxd4 Re8 $11) 11... a6 12. Rfe1 Re8 {[%emt 0:00:03][%cal Rf6e4] White is slightly better.} 13. Bg5 {[%emt 0:00:20] White is much more active.} Nc5 {[%emt 0:00:07] [#]} 14. f3 $146 ({Predecessor:} 14. Bf1 Qc7 15. Bf4 Nh5 16. Be3 Be5 17. g3 Ne6 18. Nb3 b6 19. f4 Bg7 20. Qd2 {½-½ (48) Khismatullin,D (2609)-Tekeyev,Z (2350) Sochi 2016}) 14... Ne6 15. Be3 Nh5 16. Bf1 Be5 17. g3 Nxd4 18. Bxd4 b5 19. Qd2 Be6 20. f4 Bxd4+ 21. Qxd4 Rad8 22. cxb5 axb5 23. a3 Nf6 24. Rd2 Bb3 25. Qf2 d5 26. e5 d4 {[%emt 0:00:03] Strongly threatening ...Ng4.} 27. Rxd4 $2 {[%emt 0:00:17][%mdl 8192] [#]} (27. Nd1 $11) 27... Ng4 $1 $19 28. Qd2 Qc5 (28... Qa7 $19 {has better winning chances.} 29. Ne2 (29. Ree4 $2 f5 $19) 29... Bc4) 29. Ne2 $17 ({Don't blunder} 29. Ree4 $2 {[#]} Bc2 $1 30. Qxc2 (30. b4 $2 Qa7 $19) 30... Rxd4 31. Rxd4 Qxd4+ 32. Kh1 Rd8 $19) 29... Bc4 {[%emt 0:00:25] Hoping for ...Bxe2.} 30. Kh1 $2 (30. Rc1 $17 f6 31. b3 fxe5 32. fxe5 Rxe5 33. bxc4 Rxe2 34. Qxe2 Qxd4+ 35. Kh1) 30... Bxe2 $2 31. Rxd8 $11 {[%emt 0:00:01] The position is equal.} Bf3+ 32. Bg2 Nf2+ 33. Kg1 Nh3+ {[%emt 0:00:08][%mdl 64] Discovered Attack (Double check)} 34. Kh1 $1 Nf2+ 35. Kg1 {[%emt 0:00:27] Weighted Error Value: White=0.43/Black=0.21 (precise)} 1/2-1/2

[Event "10th Norway Chess Blitz 2022"]
[Site "Stavanger"]
[Date "2022.05.30"]
[Round "3.2"]
[White "Wang, Hao"]
[Black "Radjabov, Teimour"]
[Result "1-0"]
[ECO "E36"]
[WhiteElo "2744"]
[BlackElo "2753"]
[Annotator "TA"]
[PlyCount "89"]
[EventDate "2022.05.30"]
[EventType "tourn"]
[EventCountry "NOR"]
[SourceTitle "playchess.com"]
[Source "ChessBase"]
[SourceQuality "1"]
[TimeControl "180+2"]

1. d4 Nf6 2. c4 e6 3. Nc3 Bb4 4. Qc2 d5 5. a3 Be7 6. Nf3 c5 {[%emt 0:00:04] E36: Nimzo-Indian: Classical: 4...d5 5 a3.} 7. dxc5 Bxc5 8. b4 (8. cxd5 $16 {Black must now prevent Bg5.} exd5 9. Bg5) 8... Bd6 {[%emt 0:00:08] White is slightly better.} 9. e3 (9. e4 $16 {Strongly threatening e5.} Nbd7 10. exd5 (10. cxd5 exd5 11. Bg5 Qc7 $14)) 9... Nc6 {[%emt 0:00:07] [#]} 10. Bb2 $146 ({Predecessor:} 10. Nb5 a6 11. Nxd6+ Qxd6 12. Bb2 dxc4 13. Rd1 Qe7 14. Bxc4 e5 15. h3 O-O 16. O-O {½-½ (61) Hoibraaten,T-Keijzer,R (1981) ICCF email 2007}) 10... Qe7 11. Be2 O-O 12. O-O (12. Ng5 {with more complications.} Ne5 13. cxd5 h6 14. Nge4) 12... dxc4 13. Bxc4 Ne5 14. Nxe5 Bxe5 15. f4 Bc7 16. Ne4 Nd5 17. Ng5 {[%emt 0:00:14][%csl Gg5][%cal Rc2h7] [#]} f5 18. Bxd5 exd5 19. Bd4 Re8 20. Rfe1 Bd6 21. Rac1 $36 {[%emt 0:00:20][%mdl 2048] Black is under pressure.} h6 22. Nf3 {[%emt 0:00:02] 0x0.000a5ab72d5edp-1022s more active pieces.} a5 23. Bc5 axb4 24. axb4 Be6 25. Nd4 b6 (25... Bxc5 $14 26. bxc5 (26. Qxc5 Ra3 $14) 26... Rac8) 26. Bxd6 $18 (26. Nxf5 $2 Bxf5 27. Bxd6 Qe6 $19) ({Resist} 26. Bxb6 $6 Bxb4 27. Bc5 Bxc5 28. Qxc5 Ra6 $14) 26... Qxd6 27. Qc6 Rad8 28. Qxd6 Rxd6 29. Kf2 Rd7 $2 {[%emt 0:00:08] Black cannot hold the game after this.} (29... Rc8 $16 {was called for.} 30. Rxc8+ Bxc8) 30. Rc6 Bf7 31. Rxb6 Ra7 32. b5 ({Much less strong is} 32. Nxf5 Bh5 33. b5 Ra2+ 34. Kg3 Be2 $18) 32... Bh5 33. Ra6 {[%emt 0:00:02] Prevents Ra2+.} Rc7 34. Rc6 Ra7 35. Rc2 {[%emt 0:00:03] Prevents Ra2.} g5 (35... Rb8 {is a better defense.} 36. Rb1 Rb6) 36. g3 Kh7 $2 (36... Rb8 37. Rec1 gxf4 38. gxf4 Be8) 37. b6 {[%emt 0:00:03] White is clearly winning.} Ra6 38. Rb1 Rb8 39. Rc7+ Kg6 40. Rc6+ Kh7 41. Rb2 Be8 42. Rc7+ Kg6 43. b7 gxf4 44. gxf4 {[%emt 0:00:02] [#] Threatening mate with Rc8.} Kh5 45. Rc8 {[%emt 0:00:02] Weighted Error Value: White=0.18 (very precise) /Black=0.43} 1-0

[Event "10th Norway Chess Blitz 2022"]
[Site "Stavanger"]
[Date "2022.05.30"]
[Round "3.3"]
[White "Anand, Viswanathan"]
[Black "Topalov, Veselin"]
[Result "1-0"]
[ECO "B67"]
[WhiteElo "2751"]
[BlackElo "2730"]
[Annotator "TA"]
[PlyCount "81"]
[EventDate "2022.05.30"]
[EventType "tourn"]
[EventCountry "NOR"]
[SourceTitle "playchess.com"]
[Source "ChessBase"]
[SourceQuality "1"]
[TimeControl "180+2"]

1. e4 c5 2. Nf3 d6 3. d4 cxd4 4. Nxd4 Nf6 5. Nc3 Nc6 6. Bg5 e6 7. Qd2 a6 8. O-O-O Bd7 {[%emt 0:00:01] The main line 8...Bd7 scores better than 8...h6.} 9. f3 Nxd4 10. Qxd4 Be7 {[%emt 0:00:03] B67: Sicilian: Richter-Rauzer: 7...a6 8 0-0-0 Bd7, lines without 9 f4 Be7.} 11. Kb1 b5 12. g4 {[%emt 0:00:07] [#]} h5 $146 {[%emt 0:00:08] White is slightly better.} ({Predecessor:} 12... Qc7 13. h4 h5 14. gxh5 Nxh5 15. Rg1 Nf6 16. Bh3 Rc8 17. Rg2 a5 18. Rgd2 b4 {1-0 (40) Vokhidov,S (2480)-Gabrielian,A (2499) St Petersburg 2018}) 13. gxh5 $1 Nxh5 (13... Rxh5 $14 {deserves consideration.} 14. h4 Rb8) 14. Bxe7 $16 {[%emt 0:00:03] 0x0.00226b6d919adp-1022s more active pieces.} Qxe7 15. Rg1 (15. Qxd6 $6 Qxd6 16. Rxd6 Ng3 $11) 15... Bc6 16. Qxd6 Qxd6 17. Rxd6 Rc8 18. a4 Ke7 19. Rd4 (19. Rd2 $5 ) 19... Nf4 20. axb5 axb5 21. Rd2 (21. Bxb5 Bxb5 22. Nxb5 Ne2 23. Rxg7 Nxd4 24. Nxd4 Rxh2 $17) (21. Rxg7 Ng6 $11) 21... b4 22. Na2 Rb8 23. Bc4 ({Don't play} 23. Rxg7 Ng6 $15) 23... Ng6 24. Rg5 {[%emt 0:00:05] Prevents Ne5.} Rb6 (24... Ba8 $11) 25. Rc5 Kf6 26. b3 Ne5 (26... Bb7 $16 {is a better defense.}) 27. Rf2 (27. f4 $1 $18 Nxc4 28. Rxc4) 27... Rh3 $14 28. Be2 Rh4 $1 ({Don't do} 28... Nd7 29. Rc4 $16) 29. Kb2 Rf4 30. Rf1 g5 31. Nc1 Rh4 32. Rf2 Rf4 {[%emt 0:00:01][%cal Oc6e4] [#]} 33. Rg2 $1 g4 (33... Bd7 $142) 34. fxg4 ({Not} 34. Rxe5 gxf3 35. Bxf3 Rxf3 $11) (34. Rxg4 $16 Nxg4 35. Nd3) 34... Bxe4 35. Rg3 {[%emt 0:00:07] Threatens to win with g5+.} Rc6 36. Rxc6 Bxc6 37. h4 Rf2 38. g5+ Kf5 39. h5 {[%emt 0:00:04][%cal Og5g6] aiming for g6!} (39. Re3 $5 Be4 40. Nd3 Nxd3+ 41. Bxd3 Bxd3 42. Rxd3 $14) 39... Kf4 $2 {[%emt 0:00:01][%mdl 8192] [#]} (39... Be4 $1 $11 {and Black stays safe.}) 40. g6 $1 $18 {[%emt 0:00:08] Black must now prevent g7.} fxg6 {[%emt 0:00:05] [#]} (40... Kxg3 $2 41. g7 Kf4 42. g8=Q) (40... Be4 41. g7) 41. hxg6 $1 {[%emt 0:00:01] Weighted Error Value: White=0.16 (very precise) /Black=0.46} 1-0

[Event "10th Norway Chess Blitz 2022"]
[Site "Stavanger"]
[Date "2022.05.30"]
[Round "3.5"]
[White "Vachier-Lagrave, Maxime"]
[Black "Tari, Aryan"]
[Result "0-1"]
[ECO "A34"]
[WhiteElo "2750"]
[BlackElo "2654"]
[Annotator "TA"]
[PlyCount "76"]
[EventDate "2022.05.30"]
[EventType "tourn"]
[EventCountry "NOR"]
[SourceTitle "playchess.com"]
[Source "ChessBase"]
[SourceQuality "1"]
[TimeControl "180+2"]

1. Nf3 Nf6 2. g3 c5 3. Bg2 Nc6 4. c4 d5 5. cxd5 Nxd5 6. Nc3 Nxc3 {[%emt 0:00:02] A34: Symmetrical English: 2 Nc3, lines with ...d5.} 7. dxc3 Qxd1+ 8. Kxd1 Bf5 {[%emt 0:00:01] [#] The position is equal.} 9. Nd2 $146 ({Predecessor:} 9. Be3 e5 10. Kc1 Rc8 11. Rd1 Be7 12. Ng5 Bxg5 13. Bxg5 f6 14. Be3 b6 15. Kd2 Ke7 16. Ke1 Rhd8 17. Bxc6 {½-½ (17) Buenafe Moya,J (2231)-Sion Castro,M (2420) Barcelona 2000}) 9... O-O-O 10. e4 Be6 11. Kc2 g6 12. Nf3 {[%emt 0:00:09] White wants to play Ng5.} f6 {[%emt 0:00:06] Prevents Ng5.} 13. Be3 b6 14. h4 h5 15. Nd2 Ne5 16. f4 Ng4 17. Rhe1 Bh6 18. Bg1 Bf7 19. a4 e5 20. a5 $1 Kb7 $36 {[%emt 0:00:13][%mdl 2048] Black has good play.} 21. Rf1 {[%emt 0:00:33] [#] Black keeps a firm grip on the game.} (21. Ra3 $15) 21... Rd7 $1 $17 {[%emt 0:00:01] Black is more active.} 22. axb6 axb6 23. b3 {[%emt 0:00:14] [#]} (23. Rfe1 $17 {was called for.}) 23... Rhd8 $1 $19 24. Nf3 (24. Nc4 $2 Bxc4 25. bxc4 Rd2+ 26. Kb3 Rxg2 $19) 24... exf4 25. e5 $2 (25. gxf4 {is the only way for White.} Bxf4 26. e5) 25... Bd5 {[%emt 0:00:01] Strongly threatening ...Be4+.} ({Don't blunder} 25... fxg3 $2 26. c4 Kb8 27. Ra6 Rd2+ 28. Nxd2 Rxd2+ 29. Kb1 Rxg2 30. Rxb6+ Kc7 31. Ra6 Nxe5 32. Bxc5 Nxc4 33. bxc4 Bxc4 34. Rfxf6 Bd3+ 35. Ka1 Bxa6 36. Rxg6 $19) 26. Rae1 {[%emt 0:00:02] Prevents Be4+.} f5 ({Don't go for} 26... fxg3 $2 27. exf6 Nxf6 28. Be3 Be4+ 29. Kb2 Bxe3 30. Rxe3 $19) 27. e6 Re7 28. Kb2 $2 (28. gxf4 Rd6 29. c4) 28... Be4 29. gxf4 Bxf4 30. Ng5 $2 (30. Rxe4 {might work better.} fxe4 31. Nd4) 30... Rd2+ {[%emt 0:00:01] Black is clearly winning.} ({Inferior is} 30... Bxg2 31. Rxf4 Rd2+ 32. Kc1 $17) 31. Ka3 Bxg5 32. Bxe4+ fxe4 33. hxg5 Kc6 34. Rf7 (34. Rxe4 $142 b5 35. Rf7) 34... Rxe6 {[%emt 0:00:02] ...e3 is the strong threat.} 35. b4 cxb4+ 36. cxb4 Kb5 {[%emt 0:00:01] Hoping for ...Red6.} 37. Rc1 Rd3+ 38. Kb2 e3 {[%emt 0:00:01] Weighted Error Value: White=0.91/Black=0.38} 0-1

[Event "10th Norway Chess Blitz 2022"]
[Site "Stavanger"]
[Date "2022.05.30"]
[Round "4.1"]
[White "Carlsen, Magnus"]
[Black "Tari, Aryan"]
[Result "1-0"]
[ECO "A45"]
[WhiteElo "2864"]
[BlackElo "2654"]
[Annotator "TA"]
[PlyCount "49"]
[EventDate "2022.05.30"]
[EventType "tourn"]
[EventCountry "NOR"]
[SourceTitle "playchess.com"]
[Source "ChessBase"]
[SourceQuality "1"]
[TimeControl "180+2"]

1. d4 Nf6 2. Bg5 d5 3. c3 Ne4 4. Bf4 c5 5. e3 Nc6 {[%emt 0:00:02] Threatens to win with ...cxd4.} 6. Nd2 {[%emt 0:00:05] A45: Trompowsky Attack.} Bf5 7. Ngf3 Nxd2 8. Qxd2 {[%emt 0:00:21] The position is equal.} e6 9. Bb5 $5 {[%emt 0:00:06][%mdl 4] An interesting side line.} Be7 {[%emt 0:00:32] [#]} ({Black should play} 9... f6 $11) 10. dxc5 $146 ({Predecessor:} 10. O-O O-O 11. dxc5 Bxc5 12. Nd4 Nxd4 13. cxd4 Bd6 14. Bxd6 Qxd6 15. Bd3 Bxd3 16. Qxd3 {0-1 (60) Karas,M (2246)-Shahinyan,D (2429) Chess.com INT 2019}) 10... Bxc5 11. Nd4 Bxd4 12. Bxc6+ bxc6 13. cxd4 Qb6 14. Bd6 Qa6 15. f3 f6 16. Kf2 $36 {[%emt 0:00:02][%mdl 2048] White has the initiative.} Kf7 17. Rhc1 Rhd8 18. Bg3 Qb6 19. Rc5 a5 20. Rac1 Rdc8 21. b3 Qa6 (21... Qb4 $14 22. Ke1 Ra6) 22. Qc3 $16 {[%emt 0:00:02] White is more active.} a4 ({Better is} 22... Ra7) 23. b4 ({Worse is} 23. Rxc6 Rxc6 24. Qxc6 Qxc6 25. Rxc6 axb3 26. axb3 Ra2+ 27. Kg1 Ra1+ 28. Kf2 Ra2+ 29. Kg1 Ra1+ 30. Kf2 Ra2+ $11) 23... Bd3 $2 {[%emt 0:00:02][%mdl 8192] [#] Prevents b5.} (23... Qd3 $16 24. b5 (24. Rxc6 Rxc6 25. Qxc6 Kg6 $16) 24... Qxc3 25. R5xc3 e5) 24. Ra5 $1 $18 Qc4 25. Qd2 {[%emt 0:00:01] Weighted Error Value: White=0.03 (flawless) /Black=0.51} 1-0

[Event "10th Norway Chess Blitz 2022"]
[Site "Stavanger"]
[Date "2022.05.30"]
[Round "4.2"]
[White "So, Wesley"]
[Black "Vachier-Lagrave, Maxime"]
[Result "1-0"]
[ECO "D78"]
[WhiteElo "2766"]
[BlackElo "2750"]
[Annotator "TA"]
[PlyCount "95"]
[EventDate "2022.05.30"]
[EventType "tourn"]
[EventCountry "NOR"]
[SourceTitle "playchess.com"]
[Source "ChessBase"]
[SourceQuality "1"]
[TimeControl "180+2"]

1. Nf3 d5 2. g3 g6 3. Bg2 Bg7 4. O-O Nf6 5. c4 c6 6. b3 Bg4 {[%emt 0:00:18] 6...0-0 is becoming the main line.} 7. Bb2 O-O 8. d4 Bxf3 {[%emt 0:00:13] D78: Fianchetto Grünfeld: 6 0-0 c6.} 9. Bxf3 a5 10. Nc3 e6 {[%emt 0:00:07] White is slightly better.} 11. e3 {[%emt 0:00:05] [#]} Na6 $146 ({Predecessor:} 11... Nbd7 12. Qc2 Qe7 13. Rfd1 Rac8 14. Rac1 Rfe8 15. Kg2 h5 16. h3 h4 17. g4 dxc4 18. bxc4 {1-0 (28) Meier,G (2621)-Stein,R (2325) Magdeburg 2020}) 12. Qe2 Rb8 13. Rac1 {[%emt 0:00:05] White is more active.} Qd7 14. c5 Qe7 15. Bg2 e5 16. dxe5 Nd7 17. f4 Ndxc5 (17... Naxc5 $14 18. e4 d4) 18. e4 (18. Ba3 $1 $16 {Black must now prevent Na4.} b5 19. Na4 $1) 18... d4 $14 19. Nd1 Rbd8 20. Nf2 Rd7 (20... Nb4 $14) 21. Bh3 $36 {[%emt 0:00:03][%mdl 2048] White is in control.} Rdd8 22. Rfd1 g5 $2 (22... d3 $16 23. Qe3 (23. Nxd3 Nxd3 24. Rxd3 Rxd3 $16) 23... Ne6 24. Rxd3 (24. Nxd3 Nb4 $18) 24... Rxd3 25. Nxd3 Rd8) 23. Bxd4 gxf4 24. gxf4 Ne6 25. Be3 Qh4 26. Qg4 Qxg4+ 27. Nxg4 ({Less strong is} 27. Bxg4 Bh6 $16) 27... Rxd1+ 28. Rxd1 Rd8 29. Rxd8+ Nxd8 30. Bf1 Nb4 31. a4 Nc2 32. Bd2 Ne6 {[%emt 0:00:10] [#]} 33. Bc4 $1 ({Don't do} 33. Bxa5 $6 Nxf4 34. Nf6+ Bxf6 35. exf6 Nd4) 33... b6 34. Kf2 (34. Nf6+ $18 {and White stays clearly on top.} Bxf6 35. exf6) 34... Nc5 $16 {[%emt 0:00:00] [#]} 35. Ke2 (35. Kg2 $1 $16) 35... Nd4+ (35... Nxb3 $5 36. Bxb3 Nd4+ 37. Kd3 Nxb3 $14) 36. Ke3 (36. Kd1 $14) 36... Nc2+ {[%emt 0:00:01] Pair of Knights!} 37. Ke2 Nd4+ 38. Kd1 {[%emt 0:00:01] Be3 is the strong threat.} b5 39. axb5 cxb5 40. Bd5 {[%emt 0:00:01] Hoping for b4.} Ndxb3 (40... Ncxb3 $14 41. Be1 Kf8) 41. Be3 $18 a4 42. Kc2 h5 43. Nf6+ Bxf6 44. exf6 Nd7 $2 (44... Na6 45. Bxb3 Nb4+ 46. Kc3 axb3 47. Kxb3 (47. Kxb4 $2 b2 $19) 47... Nd3) 45. e5 Nbc5 46. f5 b4 47. e6 Nxf6 48. exf7+ {[%emt 0:00:02] Weighted Error Value: White=0.18 (very precise) /Black=0.57} 1-0

[Event "10th Norway Chess Blitz 2022"]
[Site "Stavanger"]
[Date "2022.05.30"]
[Round "4.3"]
[White "Topalov, Veselin"]
[Black "Mamedyarov, Shakhriyar"]
[Result "0-1"]
[ECO "A20"]
[WhiteElo "2730"]
[BlackElo "2770"]
[Annotator "TA"]
[PlyCount "82"]
[EventDate "2022.05.30"]
[EventType "tourn"]
[EventCountry "NOR"]
[SourceTitle "playchess.com"]
[Source "ChessBase"]
[SourceQuality "1"]
[TimeControl "180+2"]

1. c4 e5 2. b3 g6 3. Bb2 Bg7 4. Nf3 Nc6 5. e3 d6 6. Be2 {[%emt 0:00:03] A20: English Opening: 1...e5.} f5 7. d4 e4 8. Nfd2 {[%emt 0:00:01] White has an edge.} Nf6 9. a3 O-O 10. Nc3 Ne7 11. d5 c5 (11... c6 $5 ) 12. dxc6 bxc6 13. b4 g5 14. Nb3 {[%emt 0:00:08] [#]} f4 $146 ({Predecessor:} 14... Ng6 15. Qd2 Ne5 16. Rd1 Be6 17. Nd4 Bxc4 18. Nxc6 Qc7 19. Qxd6 Qxd6 20. Rxd6 Nfg4 21. Nxe5 Nxe5 {½-½ (41) Kanovsky,D (2497)-Verkasalo,T (2127) Prague 2011}) 15. Qd2 Kh8 (15... Ng6 $14) 16. O-O-O $16 d5 17. Na4 (17. h4 $16 fxe3 18. fxe3) 17... Nf5 18. g4 (18. exf4 gxf4 19. Qc2 (19. Qxf4 $2 Bh6 $19) 19... e3 $11) 18... fxe3 19. fxe3 Nh4 20. h3 Qe8 (20... Be6 $142) 21. Qc2 Be6 22. Nac5 Bg8 23. Na5 Rc8 24. Rhf1 Qg6 ({Black should try} 24... Qe7) 25. Kb1 dxc4 $2 (25... Ng2 $16 {might work better.}) 26. Nxc4 ({Weaker is} 26. Bxc4 Nd5 27. Rxf8 (27. Nxe4 $2 Rxf1 28. Rxf1 Nxe3 $19) (27. Qxe4 Bxb2 28. Bxd5 Rxf1 $11) 27... Rxf8 $14) (26. Nd7 $18 {and the rest is easy.}) 26... Nd5 27. Nxe4 Ng2 28. Ned6 $2 (28. Ne5 $18 Qh6 29. Qc5 (29. Rxf8 Rxf8 30. Qxc6 Qxc6 $16)) 28... Qxc2+ $11 29. Kxc2 Ndxe3+ 30. Kb1 (30. Nxe3 $15 Nxe3+ 31. Kb1 Bxb2 32. Nxc8 Nxf1 33. Rxf1 Rxf1+ 34. Bxf1 Bxa3 35. Nxa7) 30... Nxd1 $2 (30... Nxf1 $17 31. Bxf1 {[#]} Rcd8 $1 32. Bxg2 Bxc4 33. Bxc6 Bxb2 34. Kxb2 Kg8) 31. Bxg7+ $4 (31. Nxc8 $11 {and White has nothing to worry.} Rxc8 32. Rxd1) 31... Kxg7 $19 32. Rxd1 Rcd8 33. Nf5+ Kh8 34. Ncd6 Nf4 35. Bf1 Nd5 36. Kb2 {[%emt 0:00:02] [#] Inhibits Nc3.} (36. Re1) 36... Rxd6 $1 37. Nxd6 Ne3 {[%emt 0:00:01][%csl LRd1,LRf1] Against Nf5} 38. Re1 Nxf1 39. Nf5 Nd2 40. Kc3 Nc4 41. a4 Nb6 {[%emt 0:00:01] Weighted Error Value: White=0.41/Black=0.21 (precise)} 0-1

[Event "10th Norway Chess Blitz 2022"]
[Site "Stavanger"]
[Date "2022.05.30"]
[Round "4.4"]
[White "Radjabov, Teimour"]
[Black "Anand, Viswanathan"]
[Result "1/2-1/2"]
[ECO "D38"]
[WhiteElo "2753"]
[BlackElo "2751"]
[Annotator "TA"]
[PlyCount "69"]
[EventDate "2022.05.30"]
[EventType "tourn"]
[EventCountry "NOR"]
[SourceTitle "playchess.com"]
[Source "ChessBase"]
[SourceQuality "1"]
[TimeControl "180+2"]

1. d4 Nf6 2. c4 e6 3. Nf3 d5 4. Nc3 Bb4 5. Bg5 h6 6. Bxf6 Qxf6 7. e3 O-O 8. cxd5 exd5 9. Qb3 Qd6 10. Bd3 c6 11. O-O Nd7 12. Rac1 {[%emt 0:00:44] D38: Queen's Gambit Declined: Ragozin Defence (4 Nf3 Bb4).} Ba5 {[%emt 0:00:07] [#]} 13. e4 $146 ({Predecessor:} 13. Rfe1 Rb8 14. Qa4 Bb6 15. b4 a6 16. Qb3 Nf6 17. h3 g5 18. Ne5 Nd7 19. Na4 {0-1 (52) Rekkedal,F-Hammerstad,A (2165) Norway 2002}) 13... Bxc3 14. bxc3 dxe4 15. Bxe4 Nf6 16. Bd3 b5 17. c4 Be6 18. Qc2 bxc4 19. Bxc4 Rfe8 20. Rfe1 Bxc4 21. Qxc4 Rxe1+ 22. Rxe1 Rc8 23. Ne5 Qd5 24. Rc1 Qxc4 (24... Rb8 $11 {is superior.}) 25. Rxc4 $11 {[%emt 0:00:02][%mdl 4096] Endgame KRN-KRN} Rb8 {[%emt 0:00:02] [#] ( -> ...Rb1+)} 26. h3 Rb1+ {[%emt 0:00:02] The position is equal.} 27. Kh2 Rb2 28. Rxc6 Rxa2 29. Rc8+ Kh7 30. Nxf7 Rxf2 31. Ra8 Ng4+ 32. hxg4 {[#] Black must now prevent Rh8+.} Rxf7 33. Kg3 Rd7 34. Kf3 Rxd4 35. Rxa7 {[%emt 0:00:01] Weighted Error Value: White=0.05 (flawless) /Black=0.05 (flawless)} 1/2-1/2

[Event "10th Norway Chess Blitz 2022"]
[Site "Stavanger"]
[Date "2022.05.30"]
[Round "4.5"]
[White "Giri, Anish"]
[Black "Wang, Hao"]
[Result "1-0"]
[ECO "B31"]
[WhiteElo "2761"]
[BlackElo "2744"]
[Annotator "TA"]
[PlyCount "267"]
[EventDate "2022.05.30"]
[EventType "tourn"]
[EventCountry "NOR"]
[SourceTitle "playchess.com"]
[Source "ChessBase"]
[SourceQuality "1"]
[TimeControl "180+2"]

1. e4 c5 2. Nf3 Nc6 3. Bb5 g6 4. O-O Bg7 5. Re1 e5 6. Bxc6 dxc6 7. d3 Qe7 8. a3 Nf6 9. b4 O-O 10. bxc5 Qxc5 11. a4 Re8 12. Ba3 Qa5 13. Nbd2 Be6 14. Qb1 Qc7 15. a5 h6 16. Qb4 Nd7 17. Reb1 b6 18. axb6 axb6 19. Bb2 b5 20. Bc3 Rxa1 21. Rxa1 Rb8 22. Qb1 c5 23. Nf1 b4 24. Bb2 c4 25. dxc4 Qxc4 26. N3d2 Qe2 27. Qd1 Qxd1 28. Rxd1 Nc5 29. Ra1 Bd7 30. Ra5 Bb5 31. c4 bxc3 32. Bxc3 Ne6 33. Ne3 Nd4 34. Bxd4 exd4 35. Nd5 Bd7 36. Kf1 Be6 37. Ke2 Kh7 38. h3 f5 39. f3 fxe4 40. fxe4 Rf8 41. Nf3 Rc8 42. Kd3 Rb8 43. Nxd4 Bg8 44. Ra7 Kh8 45. Nf4 Rd8 46. Nxg6+ Kh7 47. Ne5 Kh8 48. Nef3 Bh7 49. Re7 (49. g4 $142) 49... Bf6 (49... Bxd4 $142 50. Nxd4 Rg8) 50. Re6 $18 Kg7 (50... Bxd4 {is a better defense.} 51. Nxd4 Rg8 52. Rxh6 Rxg2) 51. Ke3 $18 Kf7 52. Ra6 $2 (52. e5 $18 Bg7 53. g4) 52... Re8 $14 53. Ra7+ Kg8 $1 54. e5 Bxe5 55. Nxe5 Rxe5+ 56. Kf2 Be4 57. Rc7 Rd5 58. Rc4 Bd3 59. Rb4 Bg6 60. g3 Rd7 61. Ne6 Kf7 62. Nf4 Kg7 63. Rb6 Bf7 64. Ke3 Re7+ 65. Kf3 Ra7 66. Kg4 Rc7 67. Ra6 Rb7 68. Ra5 Rc7 69. Kf5 Rb7 70. Rc5 Ra7 71. h4 Re7 72. g4 Ra7 73. Ke5 Re7+ 74. Kd6 Re4 75. Rf5 Kg8 76. Kc5 Kg7 77. Kc6 Kg8 78. Kd7 Kg7 79. Kd6 Kg8 80. g5 hxg5 81. hxg5 Kg7 82. Rf6 Re1 83. Rf5 Re4 84. Kc6 Re1 85. Kc5 Re4 86. Kd6 Re1 87. Rc5 Rd1+ 88. Ke5 Rd7 89. Kf5 Ra7 (89... Bg6+ $11 90. Kg4 (90. Nxg6 Rf7+ 91. Kg4 Kxg6 $11) 90... Ra7) 90. Re5 (90. g6 $1 $14) 90... Ra6 91. Kg4 Kg8 92. Re7 Kf8 93. Rc7 Rb6 94. Nd3 Be6+ 95. Kf4 Bf7 96. Ne5 Be8 97. Kf5 (97. g6 $5) 97... Rb5 98. Ra7 Rc5 (98... Bh5 $11) 99. Ke6 Rb5 100. Ra8 Rb6+ 101. Kf5 Ke7 102. Ra7+ Kf8 $1 103. Rc7 (103. g6 $1 $14) 103... Ra6 (103... Rb5 $11) 104. Rh7 (104. g6 $14) 104... Kg8 $11 105. Re7 Kf8 106. Rb7 Rd6 (106... Ra5 $11) 107. Ra7 Rb6 108. Ke4 (108. g6 $1 $14) 108... Rb1 109. Ng4 Rb4+ 110. Kf5 Rb5+ 111. Ne5 (111. Kf4 $11) 111... Rb6 $14 112. g6 $1 Rb1 113. Ng4 ({Better is} 113. Ra8 $14) 113... Bxg6+ (113... Rb5+ $1 $11 114. Ne5 Bxg6+ 115. Kxg6 Rxe5) 114. Kxg6 $14 Ke8 115. Ne5 Rf1 116. Rb7 Kd8 117. Kg5 Kc8 118. Rh7 Kd8 119. Ng6 Kc8 120. Nf4 Rd1 121. Kf5 Rd7 122. Rh6 Kc7 123. Ke5 Kb7 124. Nd5 Rg7 125. Rb6+ Ka7 126. Rb1 Rg6 127. Kd4 Rc6 128. Rb2 Rc8 129. Ke5 Rc6 130. Rb3 Rc4 131. Kd6 Rc1 132. Nb4 Rd1+ $2 {[%emt 0:00:02][%mdl 8192] [#]} (132... Rh1 $14) 133. Kc7 $1 Ra1 134. Nc6+ 1-0